 Dungeon Crawl Stone Soup version 0.25.0-1-g7eea58d (webtiles) character file.

Game seed: 16147646093758607023

84 malesh the Poker (level 4, -10/35 HPs)
             Began as a Demonspawn Gladiator on June 21, 2020.
             Killed by divine providence
             ... invoked by an orc priest
              (13 damage)
             ... on level 3 of the Dungeon.
             The game lasted 00:03:31 (2112 turns).

malesh the Poker (Demonspawn Gladiator)             Turns: 2112, Time: 00:03:32

Health: -10/35     AC: 12    Str: 16    XL:     4   Next: 23%
Magic:  4/4        EV: 13    Int:  9    God:
Gold:   85         SH:  0    Dex: 14    Spells: 3/3 levels left

rFire    . . .     SeeInvis .   a - +0 trident
rCold    . . .     Gourm    .   (no shield)
rNeg     . . .     Faith    .   b - +0 leather armour
rPois    .         Spirit   .   c - +0 helmet
rElec    .         Reflect  .   (no cloak)
rCorr    .         Harm     .   h - +1 pair of gloves
MR       .....                  (no boots)
Stlth    +.........             (no amulet)
HPRegen  0.11/turn              (no ring)
MPRegen  0.09/turn              (no ring)

@: sanguine armour
A: powered by death 1, sanguine armour 1
a: no special abilities


You were on level 3 of the Dungeon.
You were not hungry.

You visited 1 branch of the dungeon, and saw 3 of its levels.

You collected 85 gold pieces.

Inventory:

Hand Weapons
 a - a +0 trident (weapon)
Missiles
 d - 3 throwing nets (quivered)
Armour
 b - a +0 leather armour (worn)
 c - a +0 helmet (worn)
 g - a +0 kite shield
 h - a +1 pair of gloves (worn)
Scrolls
 e - a scroll of enchant armour {unknown}
 i - 2 scrolls of identify {unknown}
 l - 3 scrolls of remove curse {unknown}
 o - a scroll of teleportation {unknown}
 p - a scroll of amnesia {unknown}
Potions
 j - a potion of stabbing {unknown}
 k - 2 potions of flight {unknown}
 m - 2 potions of magic {unknown}
Comestibles
 f - 9 rations


   Skills:
 * Level 3.2 Fighting
 * Level 3.5 Polearms
 - Level 1.7 Throwing
 + Level 3.1 Dodging


You had 3 spell levels left.
You didn't know any spells.
Your spell library was empty.

Dungeon Overview and Level Annotations

Branches:
Dungeon (3/15)

Altars:
Ashenzari
Cheibriados
Trog

Annotations:
D:3 1 transporter, auberdahn's ghost, amateur OgFi


Innate Abilities, Weirdness & Mutations

You regenerate a little health from kills.
When seriously injured, your bleeding wounds create armour. (AC +6)


Message History

The orc wizard casts a spell.
The orc wizard blinks!
The orc wizard hits you but does no damage.
You are electrocuted!!
Ouch! That really hurt!
* * * LOW HITPOINT WARNING * * *
A rat comes into view.
The orc wizard casts a spell at you.
The puff of flame hits you but does no damage.
The orc priest miscasts a cantrip.
The orc priest calls down the wrath of Beogh upon you.
You barely resist.
The orc wizard casts a spell.
The orc wizard flickers and vanishes!
Deactivating autopickup; reactivate with Ctrl-A.
The orc wizard gestures wildly while chanting.
The orc wizard flickers and vanishes!
The orc priest mumbles some strange prayers to Beogh against you.
Beogh smites you!
You die...

## ...#.##.........
#...###.#.##.########
......#...##.#
#.#...#.####.# #..
#..# #.# W.. ##.# #.#
.#. #.###.## =.
#.....># # #..
.##.@###.#
#.#...#.#©..# # # .
.##..##.##
#.#.#...#..5#.# #.
#..#...5##o# #..
.....##.{# #..#
#####..##
#...###.....##
#..o..#####


You could see an orc priest.

Vanquished Creatures
  Jessica (D:2)
  2 adders (D:2)
  A worm (D:2)
  2 leopard geckos (D:1)
  4 bats
  A giant cockroach (D:2)
  4 goblins
  2 hobgoblins (D:1)
  4 jackals (D:2)
  3 kobolds
  2 quokkas (D:2)
  3 frilled lizards
  5 rats
34 creatures vanquished.

Notes
Turn   | Place    | Note
-------+----------+-------------------------------------------
     0 | D:1      | malesh the Demonspawn Gladiator began the quest for the
                  | Orb.
     0 | D:1      | Reached XP level 1. HP: 16/16 MP: 1/1
   301 | D:1      | Gained mutation: When seriously injured, your bleeding
                  | wounds create armour. (AC +6) [demonic ancestry]
   301 | D:1      | Reached XP level 2. HP: 22/22 MP: 2/2
  1332 | D:2      | Gained mutation: You regenerate a little health from kills.
                  | [demonic ancestry]
  1332 | D:2      | Reached XP level 3. HP: 18/28 MP: 3/3
  1450 | D:2      | Found a snail-covered altar of Cheibriados.
  1621 | D:2      | Found a bloodstained altar of Trog.
  1703 | D:2      | Found a shattered altar of Ashenzari.
  1808 | D:2      | Noticed Jessica
  1819 | D:2      | Killed Jessica
  1819 | D:2      | Reached XP level 4. HP: 34/35 MP: 4/4
  2075 | D:3      | Noticed auberdahn's ghost (amateur OgFi)
  2084 | D:3      | Found a transporter.
  2099 | D:3      | HP: 1/35 [orc wizard/+1 dagger of electrocution (18)]
  2112 | D:3      | Killed from afar by an orc priest

Illustrated notes

Levels and vault maps discovered:
D:1:      minmay_arrival_floating_metal, layout_loops_ring, serial_forest,
          infiniplex_forest_clump_diagonal, infiniplex_forest_lined_room_,
          infiniplex_forest_lined_2, infiniplex_forest_end_2,
          infiniplex_forest_clump_small, infiniplex_forest_straight_2,
          infiniplex_forest_end_2, infiniplex_forest_clump_large,
          infiniplex_forest_lined_room_2, minmay_tetromino_i2
D:2:      layout_basic, cheibriados_altar_1, nicolae_overflow_hidden_temple,
          serial_forest, infiniplex_forest_lined_corner,
          infiniplex_forest_clump_tiny, infiniplex_forest_straight_3,
          infiniplex_forest_lined_1, infiniplex_forest_straight_4,
          infiniplex_forest_clump_cross, infiniplex_forest_straight_5,
          nicolae_ashenzari_panopticon, uniq_jessica
D:3:      layout_basic, gammafunk_ghost_stat_death, first_ration

Skill      XL: |  1  2  3 |
---------------+----------+-----
Polearms       | 3 |  3.5
Dodging        | 3 |  3.1
Fighting       | 3 |  3.2
Throwing       | |  1.7

Action                   |  1- 3 |  4- 6 || total
-------------------------+-------+-------++-------
Melee: Trident           |   112 |     3 ||   115
 Stab: Sleeping          |     1 |       ||     1
  Eat: Chunk             |     3 |     1 ||     4
Armor: Leather armour    |    25 |     5 ||    30
Dodge: Dodged            |    71 |     1 ||    72
